 Dungeon Crawl Stone Soup version 0.27-a0-1529-g1e82c303ef (webtiles) character file.

Game seed: 14722417644386949957

4479 Feb132020 the Destroyer (level 10, -6/52 HPs)
             Began as a Gargoyle Fire Elementalist on July 12, 2021.
             Was a Follower of Sif Muna.
             Mangled by an orc warrior (9 damage)
             ... in a bailey.
             The game lasted 00:59:12 (10431 turns).

Feb132020 the Destroyer (GrFE)                     Turns: 10431, Time: 00:59:13

Health: -6/52      AC:  9    Str: 12    XL:     10   Next: 38%
Magic:  0/30       EV: 12    Int: 19    God:    Sif Muna [*.....]
Gold:   1039       SH:  0    Dex: 10    Spells: 13/24 levels left

rFire    + + .     SeeInvis .   b - staff of fire
rCold    x . .     Faith    .   (no shield)
rNeg     + . .     Spirit   +   h - +0 robe
rPois    ∞         Reflect  .   (no helmet)
rElec    +         Harm     .   (no cloak)
rCorr    .         Rampage  .   (no gloves)
Will     .....                  (no boots)
Stlth    +++.......             o - amulet of guardian spirit
HPRegen  0.17/turn              s - ring of fire
MPRegen  0.22/turn              p - ring of magical power

@: studying Transmutations
A: sickness immunity, AC +7, negative energy resistance 1, electricity
resistance, torment resistance 1, petrification resistance
a: Renounce Religion, Channel Magic


You were in a bailey.
You worshipped Sif Muna.
Sif Muna was aware of your devotion.
You visited 2 branches of the dungeon, and saw 9 of its levels.
You also visited: Sewer and Bailey.

You collected 1117 gold pieces.
You spent 78 gold pieces at shops.

Inventory:

Hand Weapons
 a - a +1 dagger of electrocution
 m - a +0 dagger
Missiles
 q - 2 throwing nets
Armour
 h - a +0 robe (worn)
Magical Staves
 b - a staff of fire (weapon)
Jewellery
 i - a ring of see invisible
 o - an amulet of guardian spirit (around neck)
 p - a ring of magical power (right hand)
 s - a ring of fire (left hand)
 w - an amulet of faith
Wands
 c - a wand of flame (28)
 t - a wand of paralysis (8)
Scrolls
 d - a scroll of blinking
 e - a scroll of silence
 g - a scroll of enchant armour
 l - a scroll of fear
 v - a scroll of enchant weapon
Potions
 f - 2 potions of curing
 j - a potion of berserk rage
 k - 3 potions of heal wounds
 n - a potion of might
 r - a potion of flight
 u - a potion of degeneration {unknown}
 x - a potion of ambrosia {unknown}


   Skills:
 + Level 1.3 Fighting
 + Level 3.4 Dodging
 + Level 4.8 Stealth
 + Level 7.6 Spellcasting
 + Level 8.4 Conjurations
 - Level 2.0 Hexes
 + Level 8.4 Fire Magic


You had 13 spell levels left.
You knew the following spells:

 Your Spells              Type           Power      Damage    Failure   Level
a - Foxfire               Conj/Fire      100%       2x1d9     1%          1
b - Conjure Flame         Conj/Fire      73%        6-21      1%          3
c - Inner Flame           Hex/Fire       57%        N/A       3%          3
d - Sticky Flame          Conj/Fire      73%        2d9       3%          4

Your spell library contained the following spells:

 Spells                   Type           Power      Damage    Failure   Level
 Corona                   Hex            15%        N/A       4%          1
 Stone Arrow              Conj/Erth      46%        3d9       4%          3
 Fireball                 Conj/Fire      36%        3d15      9%          5
 Ensorcelled Hibernation  Hex/Ice        22%        N/A       10%         2
 Fulminant Prism          Conj/Hex       13%        3d9       11%         4
 Tukima's Dance           Hex            14%        N/A       12%         3
 Blink                    Tloc           N/A        N/A       14%         2
 Iskenderun's Mystic Bla  Conj/Tloc      23%        2d6       17%         4
 Bolt of Magma            Conj/Fire/Erth 29%        4d13      26%         5
 Lesser Beckoning         Tloc           3%         N/A       28%         3
 Lee's Rapid Deconstruct  Erth           3%         3d6*      95%         5
 Manifold Assault         Tloc           7%         N/A       95%         5
 Dispersal                Tloc           3%         N/A       100%        6
 Disjunction              Tloc           3%         N/A       100%        8
 Shatter                  Erth           3%         3d7*      100%        9


Dungeon Overview and Level Annotations

Branches:
Dungeon (8/15)             Temple (1/1) D:5           Sewer (visited)
 Bailey (1/1)
   Lair: D:8-11

Altars:
Ashenzari
Elyvilon
Kikubaaqudgha
Makhleb
Nemelex Xobeh
Okawaru
Qazlal
Ru
Sif Muna
Trog
Uskayaw
Vehumet
Wu Jian
Xom
Zin
The Shining One

Shops:
D:4 ?   D:6 *

Annotations:
D:7 Joseph


Innate Abilities, Weirdness & Mutations

You are immune to sickness and miasma.
Your stone body is resilient. (AC +7)
You are immune to poison.
You resist negative energy. (rN+)
You are resistant to electric shocks. (rElec)
You are resistant to unholy torment.
You are immune to petrification.


Message History

Confirm with . or Enter, or press ? or * to list all spells.
You feel a strong surge of power!
You conjure some foxfire!
The orc warrior hits you from afar with a +0 glaive!
The foxfire hits the orc warrior.
The orc warrior is almost dead.
The foxfire hits the orc warrior.
The orc warrior is almost dead.
Unknown command.
Unknown command.
Unknown command.
Casting: Foxfire (safe; 1% risk of failure)
Confirm with . or Enter, or press ? or * to list all spells.
You feel a strong surge of power!
You conjure some foxfire!
The orc warrior hits you from afar with a +0 glaive!
* * * LOW HITPOINT WARNING * * *
Unknown command.
Your foxfire dissipates!
The foxfire hits the orc warrior but does no damage.
The orc warrior is almost dead.
Unknown command.
Unknown command.
Unknown command.
Casting: Foxfire (safe; 1% risk of failure)
Confirm with . or Enter, or press ? or * to list all spells.
You feel a strong surge of power!
You conjure some foxfire!
The orc warrior hits you from afar with a +0 glaive!
* * * LOW HITPOINT WARNING * * *
Unknown command.
The foxfire hits the orc warrior.
The orc warrior is almost dead.
The foxfire hits the orc warrior but does no damage.
The orc warrior is almost dead.
Unknown command.
Unknown command.
Unknown command.
Casting: Foxfire (safe; 1% risk of failure)
Confirm with . or Enter, or press ? or * to list all spells.
You feel a strong surge of power!
You conjure some foxfire!
The orc warrior hits you from afar with a +0 glaive!
You die...

...............).# ##......
.................# ##.......
.......≈≈≈≈≈.....# ##...)≈≈≈≈
......≈≈#)#.≈....#######....≈.#.#
......≈##.∩#≈...............≈#∩.#
......≈..^..≈...............≈).^.
......≈##.##≈...o...........≈##.#
......≈≈#.#≈≈..v............≈≈#.#
.......≈≈≈≈≈..§v@............≈≈≈≈
.................................
.................................
.................................
.................................
.................................
∩................................
#################################


You could see an orc warrior (ally target).

Vanquished Creatures
  A komodo dragon (D:7)
  A hornet (D:6)
  3 yaks (D:8)
  Eustachio (D:6)
  Menkaure (D:6)
  2 water moccasins
  Duvessa (D:7)
  9 orc warriors
  A sky beast (D:7)
  2 black bears
  A necrophage (D:6)
  3 ogres
  A centaur (D:7)
  A phantom (D:5)
  2 bullfrogs
  A scorpion (D:5)
  Dowan (D:7)
  3 killer bees (D:8)
  2 wights (D:7)
  2 bullfrog zombies (D:7)
  A centaur zombie (D:6)
  A gnoll shaman (D:6)
  4 orc priests
  3 hounds
  A jelly (D:7)
  Terence (D:2)
  5 iguanas
  2 orc wizards
  7 adders
  10 gnolls
  An ufetubus (D:7)
  An adder skeleton (D:4)
  4 worms
  5 dart slugs
  43 orcs
  5 bats
  6 endoplasms
  3 giant cockroaches (D:1)
  10 goblins
  7 hobgoblins
  12 jackals
  12 kobolds
  3 quokkas
  8 ball pythons
  6 frilled lizards
  6 rats
206 creatures vanquished.

Vanquished Creatures (others)
  1034 foxfires
  5 fungi (D:3)
  8 plants (D:3)
1047 creatures vanquished.

Grand Total: 1253 creatures vanquished

Notes
Turn   | Place    | Note
-------+----------+-------------------------------------------
     0 | D:1      | Feb132020 the Gargoyle Fire Elementalist began the quest
                  | for the Orb.
     0 | D:1      | Reached XP level 1. HP: 10/10 MP: 3/3
   106 | D:1      | Reached XP level 2. HP: 15/15 MP: 0/5
   617 | D:1      | Reached XP level 3. HP: 19/19 MP: 3/6
  1354 | D:1      | Learned a level 3 spell: Conjure Flame
  1419 | D:2      | Reached XP level 4. HP: 20/24 MP: 0/7
  1767 | D:2      | Noticed Terence
  1810 | D:2      | Killed Terence
  1811 | D:2      | Reached XP level 5. HP: 24/28 MP: 0/9
  2958 | D:3      | Found a sacrificial altar of Ru.
  3641 | D:3      | Found a faded altar of an unknown god.
  3962 | D:4      | Identified a scroll of acquirement
  3962 | D:4      | Acquired 851 gold pieces
  3991 | D:4      | Reached XP level 6. HP: 19/32 MP: 3/11
  4080 | D:4      | Found Unic's Magic Scroll Shop.
  4095 | D:4      | Bought a scroll of identify for 26 gold pieces
  4095 | D:4      | Bought a scroll of identify for 26 gold pieces
  4095 | D:4      | Bought a scroll of identify for 26 gold pieces
  4130 | D:4      | Found a glowing drain.
  4186 | Sewer    | Entered a sewer
  4191 | Sewer    | Learned a level 3 spell: Inner Flame
  4274 | Sewer    | Noticed a water moccasin
  4280 | Sewer    | Killed a water moccasin
  4468 | D:4      | Reached XP level 7. HP: 37/37 MP: 8/12
  4828 | D:4      | Reached skill level 5 in Fire Magic
  5037 | D:5      | Entered Level 5 of the Dungeon
  5595 | D:5      | Reached XP level 8. HP: 42/42 MP: 8/15
  5878 | D:5      | Reached skill level 5 in Conjurations
  5963 | D:5      | Reached skill level 5 in Spellcasting
  6041 | D:5      | Found a white marble altar of Elyvilon.
  6058 | D:5      | Found a staircase to the Ecumenical Temple.
  6119 | Temple   | Entered the Ecumenical Temple
  6153 | Temple   | Became a worshipper of Sif Muna the Loreminder
  6461 | D:6      | Found an iron altar of Okawaru.
  6548 | D:6      | Reached skill level 1 in Hexes
  6734 | D:6      | Reached skill level 1 in Fighting
  6767 | D:6      | Learned a level 4 spell: Sticky Flame
  6792 | D:6      | Found Leulio's Serpentskin Sales.
  6867 | D:6      | Noticed Eustachio
  6982 | D:6      | Noticed a hornet
  6993 | D:6      | Killed a hornet
  7258 | D:6      | Noticed Menkaure
  7264 | D:6      | Killed Menkaure
  7265 | D:6      | Reached XP level 9. HP: 47/47 MP: 18/18
  7351 | D:6      | Found a hide-covered altar of Uskayaw.
  7569 | D:6      | Killed Eustachio
  7862 | D:7      | Noticed a komodo dragon
  8164 | D:7      | Reached * piety under Sif Muna
  8323 | D:7      | Killed a komodo dragon
  8542 | D:7      | Noticed Joseph
  8863 | D:7      | Noticed Dowan
  8890 | D:7      | Killed Dowan
  9186 | D:7      | Noticed Duvessa
  9197 | D:7      | Killed Duvessa
  9381 | D:8      | Reached XP level 10. HP: 52/52 MP: 17/20
  9425 | D:8      | Found a flagged portal.
  9572 | Bailey   | Entered a bailey
 10429 | Bailey   | HP: 2/52 [orc warrior (11)]
 10431 | Bailey   | Mangled by an orc warrior

Illustrated notes

Levels and vault maps discovered:
D:1:      lemuel_arrival_behind_the_door_large, layout_basic
D:2:      layout_rooms, hangedman_decor_points, grunt_ministairs_12,
          minmay_misc_feat_encased, chequers_serial_rivers_micro_c,
          minmay_surrounded, uniq_terence
D:3:      layout_loops_cross, old_standard_altar,
          dreamdust_ecumenical_altar_grove
D:4:      layout_rooms, cheibrodos_sewer_entry_bend, serial_shops,
          nicolae_shop_crystal, minivault_1
D:5:      layout_loops_ring, lemuel_tele_altar, temple_fountains, serial_glass,
          glass_columns_a, glass_columns_b
D:6:      layout_basic, mainiacjoe_overflow_boulevard, okawaru_gym_becter,
          guppyfry_shop_venom, uniq_eustachio, uniq_menkaure
D:7:      layout_loops_ring, minmay_manual_moon, uniq_joseph, uniq_duvessa
D:8:      layout_rooms, mainiacjoe_overflow_alcove_2, lemuel_doored_altar,
          dk_yredelemnul_ordeal, gammafunk_temple_overflow_statue,
          lair_entry_dummy, enter_bailey_3, serial_shops, shop,
          nicolae_specific_store
Temple:   nicolae_temple_hex_pool
Bailey:   bailey_polearm_2, bailey

Skill      XL: |  1  2  3  4  5  6  7  8  9 10 |
---------------+-------------------------------+-----
Dodging        | 2 3 |  3.4
Conjurations   | 2 3 4 6 8 |  8.4
Fire Magic     | 4 5 6 7 8 |  8.4
Spellcasting   | 3 4 6 7 |  7.6
Stealth        | 3 4 |  4.8
Hexes          | 2 |  2.0
Fighting       | 1 |  1.3

Action                   |  1- 3 |  4- 6 |  7- 9 | 10-12 || total
-------------------------+-------+-------+-------+-------++-------
Melee: Dagger            |       |     7 |     2 |     1 ||    10
       Staff             |       |     1 |     2 |       ||     3
 Cast: Foxfire           |    68 |   166 |   242 |   108 ||   584
       Sticky Flame      |       |       |    10 |     1 ||    11
  Use: Scroll            |       |     8 |     5 |       ||    13
 Stab: Sleeping          |       |     2 |     1 |     1 ||     4
Armor: Robe              |    10 |    20 |    26 |     6 ||    62
Dodge: Dodged            |    21 |    30 |    55 |    28 ||   134

Table legend: (Time is in decaauts)
 A = Elapsed time spent in this place.
 B = Non-inter-level travel time spent in this place.
 C = Inter-level travel time spent in this place.
 D = Time resting spent in this place.
 E = Time spent auto-exploring this place.
 F = Levels seen in this place.
 G = Mean time per level.
                   A        B        C        D        E       F      G
               +--------+--------+--------+--------+--------+-----+--------+
         Total |  10449 |  10051 |    398 |    523 |   7514 |  11 |  949.9 |
       Dungeon |   9311 |   8920 |    391 |    523 |   6591 |   8 | 1163.9 |
        Temple |     78 |     72 |      6 |      0 |     64 |   1 |   78.0 |
         Sewer |    201 |    201 |      0 |      0 |    151 |   1 |  201.0 |
        Bailey |    857 |    857 |      0 |      0 |    708 |   1 |  857.0 |
               +--------+--------+--------+--------+--------+-----+--------+

Top non-repeatable levels by time:
     D:6: 1730 daAuts
     D:1: 1379 daAuts
     D:2: 1353 daAuts
     D:7: 1284 daAuts
     D:5: 1230 daAuts
     D:3: 1217 daAuts
     D:4: 899 daAuts
  Bailey: 857 daAuts
     D:8: 216 daAuts
   Sewer: 201 daAuts
  Temple: 78 daAuts
